 Dungeon Crawl Stone Soup version 0.28.0-1-gb440e238dd (webtiles) character file.

Game seed: 17962567455480904819

175 hikkokomori the Charlatan (level 5, -1/43 HPs)
             Began as a Gnoll Wanderer on Feb 22, 2022.
             Slain by an orc wizard (4 damage)
             ... on level 3 of the Dungeon.
             The game lasted 00:04:04 (3003 turns).

hikkokomori the Charlatan (Gnoll Wanderer)          Turns: 3003, Time: 00:04:05

Health: -1/43      AC:  7    Str: 14    XL:     5   Next: 55%
Magic:  18/18      EV: 10    Int: 19    God:
Gold:   56         SH:  0    Dex:  9    Spells: 10/10 levels left

rFire   . . .      SeeInvis .   o - +3 quarterstaff (chaos)
rCold   . . .      Faith    .   (shield currently unavailable)
rNeg    . . .      Spirit   .   b - +0 ring mail
rPois   .          Reflect  .   (no helmet)
rElec   .          Harm     .   p - +0 cloak
rCorr   .          Rampage  .   (no gloves)
Will    .....                   (no boots)
Stlth   +.........              (no amulet)
HPRegen 0.14/turn               f - +6 ring of intelligence
MPRegen 0.16/turn               k - ring of magical power

@: no status effects
A: fangs 1, strong nose, distributed training
a: no special abilities


You were on level 3 of the Dungeon.
You visited 1 branch of the dungeon, and saw 3 of its levels.

You collected 56 gold pieces.

Inventory:

Hand Weapons
 a - a +0 club
 d - a +0 short sword
 o - a +3 quarterstaff of chaos (weapon)
Missiles
 e - 116 stones
 m - 4 boomerangs of dispersal
Armour
 b - a +0 ring mail (worn)
 p - a +0 cloak (worn)
Jewellery
 f - a +6 ring of intelligence (left hand)
 k - a ring of magical power (right hand)
Wands
 i - a wand of mindburst (14)
Scrolls
 h - 2 scrolls of teleportation {unknown}
 j - 3 scrolls of amnesia {unknown}
 l - 2 scrolls of magic mapping {unknown}
Potions
 g - a potion of lignification {unknown}
Miscellaneous
 c - a phial of floods (quivered)


   Skills:
 + Level 4.8 Fighting
 + Level 1.5 Short Blades
 + Level 1.5 Long Blades
 + Level 1.5 Axes
 + Level 1.5 Maces & Flails
 + Level 1.5 Polearms
 + Level 1.5 Staves
 + Level 1.5 Slings
 + Level 1.5 Bows
 + Level 1.5 Crossbows
 + Level 1.5 Throwing
 + Level 4.8 Armour
 + Level 1.5 Dodging
 + Level 2.8 Stealth
 + Level 1.5 Shields
 + Level 1.5 Unarmed Combat
 + Level 3.2 Spellcasting
 + Level 1.2 Conjurations
 + Level 1.2 Hexes
 + Level 1.2 Summonings
 + Level 1.2 Necromancy
 + Level 1.2 Translocations
 + Level 1.2 Transmutations
 + Level 1.2 Fire Magic
 + Level 1.2 Ice Magic
 + Level 2.4 Air Magic
 + Level 1.2 Earth Magic
 + Level 1.2 Poison Magic
 + Level 1.7 Invocations
 + Level 6.7 Evocations


You had 10 spell levels left.
You didn't know any spells.
Your spell library contained the following spells:

 Spells                   Type           Power      Damage    Failure   Level
 Poisonous Vapours        Pois/Air       20%        N/A       21%         2
 Static Discharge         Conj/Air       10%        N/A       21%         2


Dungeon Overview and Level Annotations

Branches:
Dungeon (3/15)

Altars:


Innate Abilities, Weirdness & Mutations

You have very sharp teeth.
Your uncanny sense of smell can sniff out nearby items.
Your experience applies equally to all skills.


Message History

A rat comes into view.
You see here 4 boomerangs of dispersal.
m - 4 boomerangs of dispersal The orc barely misses you.
Items here: ))) [[ †.
You hit the orc.
The orc is poisoned.
The orc is almost dead.
You kill the orc!
The orc wizard gestures wildly while chanting.
The orc wizard flickers and vanishes!
Deactivating autopickup; reactivate with Ctrl-A.
Things that are here:
a +0 short sword; a scroll labelled OLEFEANGUITZ; an orc corpse You hit the orc.
You burn the orc.
You kill the orc!
You closely miss the rat. Your bite misses the rat. The rat barely misses you.
You sock the rat!
You kill the rat!
You miss something.
You hear some strange, mumbled words.
You are confused.
You bump into the rock wall.
Something hits you.
You bump into the rock wall.
You hear some strange, mumbled words.
A puff of flame appears from out of thin air!
The puff of flame hits you.
* * * LOW HITPOINT WARNING * * *
You hit something.
Nothing appears to happen.
Something hits you.
* * * LOW HITPOINT WARNING * * *
You hear some strange, mumbled words.
Something tries to affect you, but you resist.
There is a stone staircase leading down here.
You feel less confused.
You hear some strange, mumbled words.
A puff of flame appears from out of thin air!
The puff of flame hits you!
* * * LOW HITPOINT WARNING * * *
There is an escape hatch in the ceiling here.
Something hits you.
You die...

.... ###..# ....# ########
....# #......# ....#
#......# ....# #......#
....#######....o.#
.o......))......@#
....######.......# ....#
##>......#
....#####........#########
..........#..............##
.#)#.#.#..####............##
...........................#
#.#.#.#.#.###..............#
...........................#


You could see an orc.

Vanquished Creatures
  Crazy Yiuf (D:2)
  2 orc wizards (D:3)
  2 adders
  A worm (D:3)
  A dart slug (D:1)
  5 orcs (D:3)
  8 bats
  2 endoplasms
  3 hobgoblins
  7 kobolds
  6 quokkas
  8 ball pythons
  2 frilled lizards (D:1)
  2 goblins
  25 rats
75 creatures vanquished.

Notes
Turn   | Place    | Note
-------+----------+-------------------------------------------
     0 | D:1      | hikkokomori the Gnoll Wanderer began the quest for the Orb.
     0 | D:1      | hikkokomori set off with the following items: a +0 club, a
                  | +0 ring mail, a phial of floods; and the following spells
                  | available to memorise: Poisonous Vapours, Static Discharge
     0 | D:1      | Reached XP level 1. HP: 20/20 MP: 4/4
   262 | D:1      | Found a faded altar of an unknown god.
   410 | D:1      | Reached XP level 2. HP: 6/26 MP: 5/5
  1108 | D:1      | Reached XP level 3. HP: 20/31 MP: 7/7
  1896 | D:2      | Reached skill level 1 in Invocations
  2265 | D:2      | Found a runed translucent door.
  2266 | D:2      | Noticed Crazy Yiuf
  2322 | D:2      | Reached skill level 1 in Short Blades
  2322 | D:2      | Reached skill level 1 in Long Blades
  2322 | D:2      | Reached skill level 1 in Axes
  2322 | D:2      | Reached skill level 1 in Maces & Flails
  2322 | D:2      | Reached skill level 1 in Polearms
  2322 | D:2      | Reached skill level 1 in Staves
  2322 | D:2      | Reached skill level 1 in Slings
  2322 | D:2      | Reached skill level 1 in Bows
  2322 | D:2      | Reached skill level 1 in Crossbows
  2322 | D:2      | Reached skill level 1 in Throwing
  2322 | D:2      | Reached skill level 1 in Dodging
  2322 | D:2      | Reached skill level 1 in Shields
  2322 | D:2      | Reached skill level 1 in Unarmed Combat
  2445 | D:2      | Reached XP level 4. HP: 29/38 MP: 8/8
  2603 | D:2      | Killed Crazy Yiuf
  2661 | D:3      | Reached skill level 1 in Conjurations
  2661 | D:3      | Reached skill level 1 in Hexes
  2661 | D:3      | Reached skill level 1 in Summonings
  2661 | D:3      | Reached skill level 1 in Necromancy
  2661 | D:3      | Reached skill level 1 in Translocations
  2661 | D:3      | Reached skill level 1 in Transmutations
  2661 | D:3      | Reached skill level 1 in Fire Magic
  2661 | D:3      | Reached skill level 1 in Ice Magic
  2661 | D:3      | Reached skill level 1 in Earth Magic
  2661 | D:3      | Reached skill level 1 in Poison Magic
  2933 | D:3      | Reached XP level 5. HP: 18/43 MP: 9/9
  3003 | D:3      | Slain by an orc wizard

Illustrated notes

Levels and vault maps discovered:
D:1:      evilmike_arrival_home_sweet_home, layout_loops_ring,
          chequers_ecumenical_altar_simple
D:2:      layout_rooms, serial_forest, infiniplex_forest_clump_long,
          infiniplex_forest_split, infiniplex_forest_straight_2,
          infiniplex_forest_side_room, infiniplex_forest_end_double,
          infiniplex_forest_clump_double, infiniplex_forest_pool,
          minmay_rat_hole, uniq_crazy_yiuf_cottage
D:3:      layout_rooms, nzn_hepliaklqana_mist_gate, hex_large,
          grunt_ministairs_8, serial_park_tiny_pond

Skill      XL: |  1  2  3  4 |
---------------+-------------+-----
Air Magic      | 2 |  2.4
Invocations    | 1 |  1.7
Short Blades   | 1 |  1.5
Long Blades    | 1 |  1.5
Axes           | 1 |  1.5
Maces & Flails | 1 |  1.5
Polearms       | 1 |  1.5
Staves         | 1 |  1.5
Slings         | 1 |  1.5
Bows           | 1 |  1.5
Crossbows      | 1 |  1.5
Throwing       | 1 |  1.5
Dodging        | 1 |  1.5
Shields        | 1 |  1.5
Unarmed Combat | 1 |  1.5
Spellcasting   | 3 |  3.2
Conjurations   | 1 |  1.2
Hexes          | 1 |  1.2
Summonings     | 1 |  1.2
Necromancy     | 1 |  1.2
Translocations | 1 |  1.2
Transmutations | 1 |  1.2
Fire Magic     | 1 |  1.2
Ice Magic      | 1 |  1.2
Earth Magic    | 1 |  1.2
Poison Magic   | 1 |  1.2
Fighting       | |  4.8
Armour         | |  4.8
Stealth        | |  2.8
Evocations     | |  6.7

Action                   |  1- 3 |  4- 6 || total
-------------------------+-------+-------++-------
Melee: Club              |    58 |       ||    58
       Bite              |     8 |     5 ||    13
       Short sword       |   148 |     1 ||   149
       Punch             |     1 |       ||     1
       Quarterstaff      |       |    60 ||    60
Evoke: Wand              |       |     1 ||     1
  Use: Potion            |     1 |     4 ||     5
 Stab: Sleeping          |     1 |       ||     1
Armor: Ring mail         |   119 |    23 ||   142
Dodge: Dodged            |   160 |    52 ||   212
